 Dungeon Crawl Stone Soup version 0.17.1-3-g152610e (webtiles) character file.

632 Jerry the Cudgeler (level 7, -2/62 HPs)
             Began as a Naga Fighter on Mar 9, 2016.
             Was a Follower of Cheibriados.
             Slain by a gnoll
             ... wielding a +0 spear
              (5 damage)
             ... on level 6 of the Dungeon.
             The game lasted 00:19:38 (5698 turns).

Jerry the Cudgeler (Naga Fighter)                   Turns: 5698, Time: 00:19:39

Health: -2/62      AC:  5    Str: 20    XL:     7   Next: 49%
Magic:  6/9        EV:  6    Int: 10    God:    Cheibriados [*.....]
Gold:   286        SH: 10    Dex: 15    Spells: 0 memorised, 6 levels left

rFire  + + .     SeeInvis +     a - +0 flail
rCold  . . .     Clarity  .     k - +0 ring mail
rNeg   + . .     SustAt   .     c - +0 shield
rPois  +         Gourm    .     (no helmet)
rElec  .         Spirit   .     (no cloak)
rCorr  .         Warding  +     (no gloves)
rMut   .         Stasis   .     (no barding)
MR     .....                    h - amulet of warding
Stlth  ++........               w - ring of protection from fire
                                l - ring of protection from fire

@: very slow, not resistant to hostile enchantments, unstealthy
A: see invisible, deformed body, poison resistance, slowness 2, slow metabolism
1, spit poison 2, AC +2
a: Spit Poison, Bend Time, Renounce Religion


You were on level 6 of the Dungeon.
You worshipped Cheibriados.
Cheibriados was aware of your devotion.
You were hungry.

You visited 1 branch of the dungeon, and saw 6 of its levels.

You collected 286 gold pieces.

Inventory:

Hand Weapons
 a - a +0 flail (weapon)
 A - a +0 morningstar
Armour
 c - a +0 shield (worn)
 k - a +0 ring mail (worn)
 B - a +0 leather armour
Jewellery
 h - an amulet of warding (around neck)
 l - a ring of protection from fire (left hand)
 w - a ring of protection from fire (right hand)
Wands
 y - a wand of fire (4)
Scrolls
 b - 2 scrolls of amnesia {unknown}
 i - 5 scrolls of identify
 n - 2 scrolls of random uselessness {unknown}
 o - a scroll of enchant weapon {unknown}
 p - 3 scrolls of noise {unknown}
 r - a scroll of remove curse {unknown}
 s - a scroll of immolation {unknown}
 v - 3 scrolls of teleportation {unknown}
Potions
 t - a potion of degeneration {unknown}
 u - 3 potions of curing {unknown}
 x - a potion of haste {unknown}
 z - a potion of heal wounds {unknown}
Comestibles
 e - 3 bread rations
 f - 2 meat rations
 g - 3 beef jerkies
 m - a royal jelly
 q - 4 fruits


   Skills:
 - Level 3.0 Fighting
 + Level 4.3 Maces & Flails
 + Level 3.9 Armour
 - Level 3.1 Stealth
 + Level 4.1 Shields
 * Level 3.2 Invocations


You had 6 spell levels left.
You didn't know any spells.

Dungeon Overview and Level Annotations

Branches:
Dungeon (6/15)             Temple (0/1) D:6

Altars:
Cheibriados
Fedhas

Shops:
D:6 :

Annotations:
D:5 Prince Ribbit


Innate Abilities, Weirdness & Mutations

You cannot wear boots.
Your serpentine skin is tough (AC +2).
You have supernaturally acute eyesight.
Armour fits poorly on your strangely shaped body.
Your system is resistant to poisons.
You cover ground very slowly.
You have a slow metabolism.
You can spit poison.


Message History

You closely miss the crimson imp. The gnoll barely misses you.
The crimson imp blinks!
The flow of time bends around you.
Cheibriados rebukes the ogre.
The ogre seems to slow down.
You feel slightly more hungry. You block the gnoll's attack.
The gnoll hits you but does no damage.
You closely miss the ogre. You block the gnoll's attack.
The crimson imp grinds its teeth.
The ogre hits you with a giant spiked club!!
The gnoll hits you but does no damage. The gnoll barely misses you.
You hit the ogre but do no damage.
The gnoll hits you from afar with a spear. x2
The ogre hits you with a giant spiked club!
* * * LOW HITPOINT WARNING * * *
You are too injured to fight recklessly!
You hit the ogre but do no damage.
The gnoll hits you from afar with a spear!
* * * LOW HITPOINT WARNING * * *
The gnoll hits you from afar with a spear.
You die...

## ## ..# .# ######
###..# .#
#....#####... .#
#........#.####.#
.#####..#.#.#........#
....##....#.#.##@##..#
.##.#...#<....##O#
.##.###.##.#####gg
###........# #g..
######.##### #....
........... .>....
........... #......
###..#####.# #.......
#....# ..


You could see an ogre and 3 gnolls.

Vanquished Creatures
  An ice beast (D:6)
  A centaur (D:5)
  A scorpion (D:6)
  A crimson imp (D:5)
  Ijyb (D:2)
  A centaur skeleton (D:5)
  An orc wizard (D:4)
  A hound (D:4)
  3 worker ants
  6 adders
  5 gnolls
  An adder zombie (D:5)
  5 giant geckos
  10 orcs
  7 hobgoblins
  A jackal (D:6)
  2 quokkas
  2 ball pythons
  10 bats
  4 giant cockroaches
  A giant gecko skeleton (D:4)
  6 giant newts
  9 goblins
  A jackal skeleton (D:4)
  5 kobolds
  2 quokka skeletons (D:4)
  9 rats
97 creatures vanquished.

Notes
Turn   | Place    | Note
--------------------------------------------------------------
     0 | D:1      | Jerry the Naga Fighter began the quest for the Orb.
     0 | D:1      | Reached XP level 1. HP: 21/21 MP: 1/1
   320 | D:1      | Reached skill level 1 in Stealth
   392 | D:1      | Reached XP level 2. HP: 28/28 MP: 2/2
   747 | D:1      | Reached XP level 3. HP: 30/34 MP: 3/3
  1724 | D:2      | Reached XP level 4. HP: 13/42 MP: 4/4
  1727 | D:2      | Noticed Ijyb
  1957 | D:2      | Killed Ijyb
  2613 | D:3      | Reached XP level 5. HP: 47/49 MP: 5/5
  2690 | D:4      | Found a snail-covered altar of Cheibriados.
  2710 | D:4      | Became a worshipper of Cheibriados the Contemplative
  3303 | D:4      | Reached XP level 6. HP: 56/56 MP: 6/6
  3379 | D:5      | Entered Level 5 of the Dungeon
  3468 | D:5      | Reached * piety under Cheibriados
  3861 | D:5      | Noticed Prince Ribbit
  4177 | D:5      | Reached skill level 4 in Maces & Flails
  4177 | D:5      | Reached skill level 1 in Invocations
  4723 | D:5      | Reached XP level 7. HP: 33/62 MP: 8/8
  4924 | D:6      | HP: 3/62 [scorpion (5)]
  5268 | D:6      | Found Zuhirghu's Book Shoppe.
  5290 | D:6      | HP: 1/62 [gnoll/halberd (4)]
  5600 | D:6      | Found a staircase to the Ecumenical Temple.
  5652 | D:6      | Found a blossoming altar of Fedhas.
  5698 | D:6      | HP: 3/62 [gnoll/spear (7)]
  5698 | D:6      | Slain by a gnoll

Action                   |  1- 3 |  4- 6 |  7- 9 || total
-------------------------+-------+-------+-------++-------
Melee: Flail             |   159 |   212 |    71 ||   442
Invok: Bend Time         |       |     7 |     5 ||    12
  Use: Potion            |       |     2 |     1 ||     3
       Scroll            |       |     1 |       ||     1
 Stab: Sleeping          |     1 |     3 |     1 ||     5
  Eat: Chunk             |     2 |     7 |     1 ||    10
       Fruit             |       |       |     1 ||     1
